 Dungeon Crawl Stone Soup version 0.19-a0-1634-g2f321e7 (webtiles) character file.

2666 PurpleRed the Basher (level 9, -3/101 HPs)
             Began as an Ogre Berserker on Sept 19, 2016.
             Was a Priest of Trog.
             Slain by a porcupine (14 damage)
             ... on level 1 of the Lair of Beasts.
             The game lasted 00:25:04 (2400 turns).

PurpleRed the Basher (Ogre Berserker)               Turns: 2400, Time: 00:25:05

Health: -3/101     AC:  4    Str: 27    XL:     9   Next: 63%
Magic:  9/9        EV: 13    Int:  6    God:    Trog [***...]
Gold:   229        SH:  0    Dex:  9    Spells: 0 memorised, 8 levels left

rFire  . . .     SeeInvis .     w - -3 morningstar (curse)
rCold  . . .     Gourm    .     b - +1 animal skin
rNeg   . . .     Faith    .     (no shield)
rPois  +         Spirit   .     (helmet restricted)
rElec  .         Dismiss  .     (no cloak)
rCorr  .         Reflect  .     (gloves unavailable)
MR     .....     Harm     .     (boots unavailable)
Stlth  +.........               (no amulet)
                                x - ring of poison resistance
                                j - +3 ring of evasion

@: no status effects
A: unfitting armour, tough skin 1
a: Berserk, Trog's Hand, Burn Spellbooks, Renounce Religion


You were on level 1 of the Lair of Beasts.
You worshipped Trog.
Trog was most pleased with you.
You were not hungry.

You visited 3 branches of the dungeon, and saw 11 of its levels.

You collected 229 gold pieces.

Inventory:

Hand Weapons
 a - a +0 mace
 d - a +1 flail
 p - a +0 giant club
 w - a cursed -3 morningstar (weapon)
Missiles
 n - a throwing net (quivered)
Armour
 b - a +1 animal skin (worn)
Jewellery
 j - a +3 ring of evasion (left hand)
 x - a ring of poison resistance (right hand)
Wands
 m - a wand of paralysis (11/24)
 q - a wand of heal wounds (1/9)
 s - a wand of teleportation (4/9)
 t - a wand of iceblast (5/15)
Scrolls
 g - a scroll of teleportation
 l - a scroll of blinking
Potions
 e - a potion of cure mutation
 f - a potion of heal wounds {unknown}
 h - 2 potions of flight
 i - a potion of mutation
 k - a potion of lignification {unknown}
 r - a potion of might
Comestibles
 c - a bread ration
 o - 2 beef jerkies
 u - 4 fruits
 v - a royal jelly
 z - a meat ration


   Skills:
 + Level 10.2 Fighting
 * Level 13.6 Maces & Flails
 - Level 3.1 Dodging


You had 8 spell levels left.
You didn't know any spells.

Dungeon Overview and Level Annotations

Branches:
Dungeon (9/15)             Temple (1/1) D:6            Lair (1/6) D:9
    Orc: D:9-12

Altars:
Ashenzari
Cheibriados
Dithmenos
Elyvilon
Fedhas
Gozag
Hepliaklqana
Kikubaaqudgha
Makhleb
Nemelex Xobeh
Okawaru
Qazlal
Ru
Sif Muna
Uskayaw
Vehumet
Xom
Yredelemnul
Zin

Shops:
D:8 [


Innate Abilities, Weirdness & Mutations

You are too large for most types of armour.
You have tough skin. (AC +1)


Message History

Search for what [Enter for "armor", or ? for help]? scroll Unknown command.
There is an open door here.
Things that are here:
a flail; a chain mail; an orc corpse
There is an open door here.
There is a staircase to the Lair here.
You climb downwards.
Welcome to the Lair of Beasts!
You hear a distant snort.
Hark!
There is an entrance to a minotaur's labyrinth on this level.
Find the entrance quickly before the gate is sealed!
A porcupine comes into view.
Found a ring mail.
There is a staircase back to the Dungeon here.
The porcupine bites you.
* * * LOW HITPOINT WARNING * * *
Found a scroll labeled XOTYNG FYMPOE.
You are struck by the porcupine's spines.
* * * LOW HITPOINT WARNING * * *
You closely miss the porcupine. The porcupine bites you!
You die...

.....# .....
#...# +...##
#.... #...#
.#.##..<#
.[......#
.......@#
.......r.....?.
...............
...............
........##.#..#
+#####..# .. ..
#..# .. . ...#
...


You could see a porcupine.

Vanquished Creatures
  The ghost of AlphabetPasta the Stinger, a novice DsVM of Ashenzari (D:6)
  A hippogriff (D:7)
  4 yaks
  A hungry ghost (D:7)
  An orc warrior (D:9)
  An ice beast (D:7)
  A sky beast (D:6)
  A phantom (D:4)
  2 ogres (D:7)
  4 wights (D:6)
  A howler monkey (D:7)
  A crimson imp (D:8)
  A wasp zombie (D:6)
  A centaur zombie (D:7)
  A jelly (D:6)
  2 orc priests (D:4)
  A gnoll shaman (D:9)
  A centaur skeleton (D:4)
  Jessica (D:4)
  3 worker ants
  2 iguanas
  2 orc wizards (D:4)
  A killer bee zombie (D:5)
  7 adders
  7 gnolls
  A river rat (D:9)
  An adder skeleton (D:7)
  2 worms
  3 dart slugs
  A leopard gecko (D:2)
  6 orcs
  11 bats
  A giant cockroach (D:1)
  2 goblins
  3 hobgoblins
  8 jackals (D:4)
  3 kobolds
  3 quokkas
  A ball python (D:3)
  4 frilled lizards
  A jackal skeleton (D:6)
  A jackal zombie (D:6)
  A quokka skeleton (D:4)
  13 rats
115 creatures vanquished.

Vanquished Creatures (others)
  2 fungi (D:9)
2 creatures vanquished.

Grand Total: 117 creatures vanquished

Notes
Turn   | Place    | Note
-------+----------+-------------------------------------------
     0 | D:1      | PurpleRed the Ogre Berserker began the quest for the Orb.
     0 | D:1      | Reached XP level 1. HP: 24/24 MP: 1/1
    69 | D:2      | Reached XP level 2. HP: 33/33 MP: 2/2
   114 | D:2      | Noticed Jessica
   122 | D:2      | Reached XP level 3. HP: 31/40 MP: 3/3
   353 | D:3      | Found a hazy altar of Hepliaklqana.
   404 | D:4      | Noticed a phantom
   465 | D:3      | Reached skill level 5 in Fighting
   465 | D:3      | Reached skill level 5 in Maces & Flails
   465 | D:3      | Reached XP level 4. HP: 50/50 MP: 4/4
   645 | D:4      | Reached skill level 6 in Maces & Flails
   645 | D:4      | Reached XP level 5. HP: 57/57 MP: 5/5
   658 | D:4      | Killed Jessica
   658 | D:4      | Reached ** piety under Trog
   769 | D:4      | Reached skill level 7 in Maces & Flails
   769 | D:4      | Reached XP level 6. HP: 29/67 MP: 6/6
   890 | D:5      | Entered Level 5 of the Dungeon
  1030 | D:4      | Killed a phantom
  1030 | D:4      | Reached skill level 8 in Maces & Flails
  1083 | D:4      | Found a sparkling altar of Nemelex Xobeh.
  1147 | D:4      | Found a shimmering altar of Xom.
  1147 | D:4      | Found a blossoming altar of Fedhas.
  1148 | D:4      | Found a basalt altar of Yredelemnul.
  1203 | D:4      | Reached XP level 7. HP: 45/76 MP: 7/7
  1295 | D:6      | Noticed AlphabetPasta's ghost (novice DsVM)
  1318 | D:6      | Killed AlphabetPasta's ghost
  1318 | D:6      | Reached skill level 9 in Maces & Flails
  1318 | D:6      | Reached XP level 8. HP: 76/87 MP: 8/8
  1327 | D:6      | Reached skill level 10 in Maces & Flails
  1590 | D:7      | Reached skill level 11 in Maces & Flails
  1624 | D:7      | Noticed a hippogriff
  1637 | D:7      | Killed a hippogriff
  1692 | D:6      | Found a staircase to the Ecumenical Temple.
  1702 | Temple   | Entered the Ecumenical Temple
  1782 | D:6      | Reached skill level 12 in Maces & Flails
  1782 | D:6      | Reached XP level 9. HP: 84/98 MP: 9/9
  1963 | D:6      | Found a sacrificial altar of Ru.
  1966 | D:6      | Found a burning altar of Makhleb.
  1967 | D:6      | Noticed a balrug
  1973 | D:6      | Found a glowing silver altar of Zin.
  1973 | D:6      | Noticed an angel
  2111 | D:8      | Found Huthrieg's Antique Armour Shop.
  2275 | D:9      | Found a deep blue altar of Sif Muna.
  2276 | D:9      | Reached *** piety under Trog
  2307 | D:8      | Reached skill level 13 in Maces & Flails
  2339 | D:9      | Reached skill level 10 in Fighting
  2377 | D:9      | Found a staircase to the Lair.
  2397 | Lair:1   | Entered Level 1 of the Lair of Beasts
  2400 | Lair:1   | Slain by a porcupine

Vault maps used:
D:1:      minmay_arrival_glassed_features
D:2:      uniq_jessica
D:3:      lemuel_round_altar, first_bread
D:4:      gammafunk_temple_overflow_claw, nemelex_xobeh_ov_fountains_minmay
D:5:      minmay_misc_feat_secret_circle, grunt_decor_fettered,
          grunt_gozag_breadcrumbs
D:6:      grunt_temple_overflow_order_and_chaos_2, lemuel_crystal_altar,
          kennysheep_generic_room_10
D:8:      kennysheep_little_box, serial_shops, kennysheep_mini, david_nohive_1,
          grunt_ministairs_2
D:9:      lemuel_crystal_altar, nicolae_tso_besieged_by_evil,
          grunt_lair_entry_orc_guard_hut
Temple:   chequers_temple_sunken
Lair:1:   lab_entry_generic, serial_bayou_lagoon_b, lemuel_fruit_fields

Skill      XL: |  1  2  3  4  5  6  7  8  9 |
---------------+----------------------------+-----
Dodging        | 3 |  3.1
Fighting       | 5 6 7 9 10 | 10.2
Maces & Flails | 5 6 7 8 9 12 13 | 13.6

Action                   |  1- 3 |  4- 6 |  7- 9 || total
-------------------------+-------+-------+-------++-------
Melee: Mace              |    66 |    19 |       ||    85
       Flail             |       |   106 |    49 ||   155
       Giant club        |       |       |   139 ||   139
       Morningstar       |       |       |     1 ||     1
Invok: Berserk           |     4 |     6 |     9 ||    19
       Trog's Hand       |       |     3 |     4 ||     7
Evoke: Wand              |       |       |     2 ||     2
  Use: Scroll            |       |     9 |     4 ||    13
       Potion            |       |     2 |     1 ||     3
 Stab: Sleeping          |       |     2 |       ||     2
  Eat: Chunk             |     1 |     9 |     9 ||    19
       Pizza             |       |     1 |       ||     1
       Bread ration      |       |       |     2 ||     2
Armor: Animal skin       |    14 |    31 |    88 ||   133
Dodge: Dodged            |    32 |    70 |   231 ||   333
